 Dungeon Sprint DCSS version 0.17-a0-1651-gae1a69f (webtiles) character file.

33709 Kidiri the Unseen (level 12, -4/51 HPs)
             Began as a Spriggan Enchanter on Aug 14, 2015.
             Was the Champion of Dithmenos.
             Killed from afar by a fire dragon (38 damage)
             ... with a blast of flame
             ... in the Dungeon (Sprint III: "The Ten Rune Challenge").
             The game lasted 00:20:19 (4259 turns).

Kidiri the Unseen (Spriggan Enchanter)              Turns: 4259, Time: 00:20:21

Health: -4/51      AC:  4    Str:  4    XL:     12   Next: 47%
Magic:  30/32      EV: 34    Int: 19    God:    Dithmenos [******]
Gold:   16         SH:  0    Dex: 19    Spells: 12 memorised, 9 levels left

rFire  . . .     SeeInvis +     a - +1 dagger
rCold  + + +     Clarity  .     l - +1 robe {rC+}
rNeg   . . .     SustAt   .     (shield restricted)
rPois  .         Gourm    .     (helmet restricted)
rElec  .         Spirit   .     m - +0 cloak
rCorr  .         Warding  .     (gloves unavailable)
rMut   .         NoTele   +     (boots unavailable)
MR     ++...                    (no amulet)
Stlth  ++++++++++               (no ring)
                                (no ring)

@: wreathed by umbra, very quick, very resistant to hostile enchantments,
uncannily stealthy
A: unfitting armour, see invisible, cold resistance 2, herbivore 3, speed 3,
mutation resistance 1, slow metabolism 2
a: Shadow Step, Shadow Form, Renounce Religion
}: 1/10 runes: barnacled


You were in the Dungeon.
You worshipped Dithmenos.
Dithmenos was exalted by your worship.
You were full.

You visited 1 branch You collected 16 gold pieces.

Inventory:

Hand weapons
 a - a +1 dagger (weapon)
Missiles
 r - 10 throwing nets (quivered)
Armour
 l - a +1 robe of cold resistance (worn)
 m - a +0 cloak (worn)
Magical devices
 n - a wand of polymorph (17)
Scrolls
 j - a scroll of blinking
 o - a scroll of torment {unknown}
 q - 3 scrolls of remove curse
 s - a scroll of immolation {unknown}
Potions
 c - a potion of might
 e - 2 potions of curing
 f - 2 potions of heal wounds
 g - a potion of haste
 h - 2 potions of magic
 i - 2 potions of berserk rage
 p - a potion of beneficial mutation {unknown}
 u - a potion of cure mutation
 v - a potion of lignification
Comestibles
 b - 6 fruits
 k - a slice of pizza
 t - 31 royal jellies


   Skills:
 + Level 10.2 Short Blades
 * Level 17.6 Dodging
 * Level 19.1 Stealth
 * Level 15.1 Spellcasting
 + Level 6.9 Conjurations
 + Level 11.7 Hexes
 + Level 11.4 Charms
 + Level 11.4 Translocations
 + Level 7.8 Ice Magic
 + Level 7.1 Air Magic
 + Level 8.0 Poison Magic
 - Level 2.2 Invocations


You had 9 spell levels left.
You knew the following spells:

 Your Spells              Type           Power        Failure   Level  Hunger
a - Corona                Hex            ######.      1%          1    None
b - Ensorcelled Hibernat  Hex/Ice        ######       1%          2    None
c - Confuse               Hex            ######..     1%          3    None
d - Tukima's Dance        Hex            ######..     1%          3    None
e - Dazzling Spray        Conj/Hex       #####...     1%          3    None
f - Slow                  Hex            ######..     1%          2    None
g - Blink                 Tloc           N/A          1%          2    None
h - Repel Missiles        Chrm/Air       #####.       1%          2    None
i - Mephitic Cloud        Conj/Pois/Air  #####...     1%          3    None
j - Ozocubu's Armour      Chrm/Ice       ######..     1%          3    None
k - Condensation Shield   Ice            #####.....   1%          4    None
l - Throw Icicle          Conj/Ice       #####...     1%          4    None


Dungeon Overview and Level Annotations

Branches:
Dungeon (1/1)

Altars:
Cheibriados
Dithmenos
Elyvilon
Fedhas
Gozag
Kikubaaqudgha
Makhleb
Nemelex Xobeh
Okawaru
Qazlal
Ru
Sif Muna
Trog
Vehumet
Xom
Yredelemnul
Zin
The Shining One
Jiyva
Lugonu

Shops:
D !(}(!=


Innate Abilities, Weirdness & Mutations

You are tiny and cannot use many weapons and most armour.
You have supernaturally acute eyesight.
You are a herbivore.
You cover ground extremely quickly.
You need consume almost no food.
Your flesh is very cold resistant.
You are somewhat resistant to further mutation.


Message History

The fire dragon resists with almost no effort.
The fire dragon breathes flames at you. The blast of flame misses you.
You start resting.
Magic restored.
You start resting.
Unknown command.
A fire dragon is nearby!
Casting: Ensorcelled Hibernation
Confirm with . or Enter, or press ? or * to list all spells.
Aiming: Ensorcelled Hibernation
Press: ? - help, Shift-Dir - straight line, f/p - fire dragon
Aim: a fire dragon (hasn't noticed you, umbra, chance to defeat MR: 37%)
The fire dragon easily resists.
Your shadow mimicks your spell!
The fire dragon resists with almost no effort.
The fire dragon breathes flames at you. The blast of flame hits you!
Ouch! That really hurt!
You die...

#+#############'♣
♣♣.##[##.##+≈ ▓.
#≈......÷%...♣
♣..#.##...#≈
▓..J+≈≈...########♣♣
♣♣.##.##..#≈
▓J.J#≈≈≈...........♣
♣♣.##.#####.
▓..J#≈≈≈≈..........♣
♣.....##.... #+#
###########'####
########+### #≈♣♣
▓.... #♣.♣ ▓≈≈P.
♣@♣♣ ▓≈≈≈P ♣♣D♣
▓≈≈≈≈ ♣.♣♣ ▓≈≈≈≈
♣.♣♣ ▓≈≈≈≈ ♣..♣
▓≈≈≈≈ ♣♣.♣♣ ▓≈≈≈≈
♣♣D♣ ♣ ▓≈≈≈≈
♣♣§.♣♣♣♣♣♣D♣ ▓≈≈≈≈
♣§§..§§§≈.≈♣ ▓≈≈≈≈


You could see a fire dragon.

Vanquished Creatures
  Rupert (D)
  A kraken (D)
  Maud (D)
  Erolcha (D)
  2 hydras (D)
  An alligator snapping turtle (D)
  4 death yaks (D)
  A spriggan druid (D)
  A death drake (D)
  A lindwurm (D)
  2 black mambas (D)
  2 spiny frogs (D)
  3 wandering mushrooms (D)
  A komodo dragon (D)
  A deep elf priest (D)
  A queen bee (D)
  A fire drake (D)
  8 blink frogs (D)
  2 spriggans (D)
  A shadow (D)
  5 snapping turtles (D)
  2 trapdoor spiders (D)
  4 redbacks (D)
  A spatial vortex (D)
  2 hill giants (D)
  A swamp drake (D)
  A necrophage (D)
  2 brain worms (D)
  3 two-headed ogres (D)
  A water elemental (D)
  32 killer bees (D)
  An electric eel (D)
  A wizard (D)
  Crazy Yiuf (D)
  A jelly (D)
  Jessica (D)
  A necromancer (D)
  A kobold demonologist (D)
  3 humans (D)
  An ooze (D)
  2 rats (D)
103 creatures vanquished.

Vanquished Creatures (others)
  2 draconian scorchers (D)
  A dancing weapon (D)
  2 fire drakes (D)
  2 yaktaurs (D)
  8 plants (D)
  4 tentacles (D)
  18 tentacle segments (D)
37 creatures vanquished.

Grand Total: 140 creatures vanquished

Notes
Turn   | Place    | Note
--------------------------------------------------------------
     0 | D        | Kidiri the Spriggan Enchanter began the quest for the Orb.
     0 | D        | Reached XP level 1. HP: 9/9 MP: 5/5
     9 | D        | Reached skill level 5 in Stealth
    62 | D        | Killed a fire drake
   159 | D        | Noticed Jessica
   163 | D        | Killed Jessica
   163 | D        | Reached skill level 5 in Dodging
   163 | D        | Reached skill level 6 in Stealth
   163 | D        | Reached XP level 2. HP: 13/13 MP: 5/8
   163 | D        | Reached XP level 3. HP: 16/16 MP: 6/10
   167 | D        | Learned a level 2 spell: Ensorcelled Hibernation
   168 | D        | Killed a fire drake
   171 | D        | Learned a level 3 spell: Confuse
   175 | D        | Learned a level 3 spell: Tukima's Dance
   208 | D        | Killed a yaktaur
   235 | D        | Killed a white draconian scorcher
   237 | D        | Killed a white draconian scorcher
   307 | D        | Noticed Crazy Yiuf
   311 | D        | Killed Crazy Yiuf
   311 | D        | Reached skill level 7 in Stealth
   311 | D        | Reached skill level 5 in Spellcasting
   328 | D        | Learned a level 3 spell: Dazzling Spray
   394 | D        | Reached skill level 1 in Ice Magic
   394 | D        | Reached XP level 4. HP: 14/21 MP: 5/12
   440 | D        | Gained mutation: Your flesh is cold resistant. [potion of mutation]
   440 | D        | Gained mutation: You are somewhat resistant to further mutation. [potion of mutation]
   441 | D        | Gained mutation: Your flesh is very cold resistant. [potion of mutation]
   508 | D        | Noticed a water elemental
   511 | D        | Killed a water elemental
   511 | D        | Reached skill level 8 in Stealth
   511 | D        | Reached skill level 1 in Conjurations
   511 | D        | Reached skill level 5 in Hexes
   520 | D        | Noticed a jelly
   521 | D        | Noticed a shadow
   523 | D        | Killed a shadow
   523 | D        | Reached skill level 10 in Stealth
   523 | D        | Reached XP level 5. HP: 24/24 MP: 14/16
   523 | D        | Reached XP level 6. HP: 28/28 MP: 14/17
   527 | D        | Killed a jelly
   532 | D        | Found a stormy altar of Qazlal.
   533 | D        | Found a sacrificial altar of Ru.
   533 | D        | Found a burning altar of Makhleb.
   533 | D        | Found a viscous altar of Jiyva.
   533 | D        | Found a shimmering altar of Xom.
   533 | D        | Found a shadowy altar of Dithmenos.
   533 | D        | Found a sparkling altar of Nemelex Xobeh.
   533 | D        | Found a corrupted altar of Lugonu.
   533 | D        | Found an opulent altar of Gozag.
   533 | D        | Noticed a spatial vortex
   536 | D        | Killed a spatial vortex
   536 | D        | Reached skill level 5 in Short Blades
   536 | D        | Reached skill level 11 in Stealth
   538 | D        | Became a worshipper of Dithmenos the Shadowed
   565 | D        | Found a radiant altar of Vehumet.
   566 | D        | Found a deep blue altar of Sif Muna.
   566 | D        | Found an ancient bone altar of Kikubaaqudgha.
   566 | D        | Noticed a wizard
   567 | D        | Killed a wizard
   567 | D        | Reached skill level 10 in Dodging
   590 | D        | Learned a level 2 spell: Slow
   593 | D        | Learned a level 2 spell: Blink
   596 | D        | Learned a level 2 spell: Repel Missiles
   600 | D        | Learned a level 3 spell: Mephitic Cloud
   649 | D        | Found a glowing silver altar of Zin.
   650 | D        | Found a glowing golden altar of the Shining One.
   650 | D        | Found a white marble altar of Elyvilon.
   650 | D        | Noticed a deep elf priest
   652 | D        | Killed a deep elf priest
   652 | D        | Reached skill level 1 in Air Magic
   652 | D        | Reached skill level 1 in Poison Magic
   652 | D        | Reached skill level 1 in Invocations
   652 | D        | Reached XP level 7. HP: 32/32 MP: 18/20
   663 | D        | Found an iron altar of Okawaru.
   664 | D        | Found a bloodstained altar of Trog.
   664 | D        | Noticed a human
   664 | D        | Noticed a human
   666 | D        | Killed a human
   666 | D        | Reached skill level 12 in Stealth
   667 | D        | Killed a human
   682 | D        | Found a snail-covered altar of Cheibriados.
   682 | D        | Noticed a necrophage
   683 | D        | Found a basalt altar of Yredelemnul.
   683 | D        | Found a blossoming altar of Fedhas.
   683 | D        | Noticed a necromancer
   684 | D        | Killed a necrophage
   684 | D        | Acquired Dithmenos's first power
   684 | D        | Reached XP level 8. HP: 36/36 MP: 22/22
   685 | D        | Killed a necromancer
   703 | D        | Learned a level 3 spell: Ozocubu's Armour
   750 | D        | Noticed a two-headed ogre
   750 | D        | Noticed a two-headed ogre
   754 | D        | Killed a two-headed ogre
   756 | D        | Killed a two-headed ogre
   759 | D        | Noticed a two-headed ogre
   760 | D        | Killed a two-headed ogre
   760 | D        | Reached skill level 10 in Spellcasting
   765 | D        | Noticed a hill giant
   768 | D        | Killed a hill giant
   768 | D        | Acquired Dithmenos's second power
   768 | D        | Reached skill level 13 in Stealth
   842 | D        | Noticed a hill giant
   842 | D        | Noticed Erolcha
   844 | D        | Killed Erolcha
   844 | D        | Reached skill level 5 in Charms
   844 | D        | Reached skill level 5 in Translocations
   844 | D        | Reached XP level 9. HP: 39/39 MP: 24/24
   845 | D        | Killed a hill giant
   851 | D        | Noticed a redback
   853 | D        | Killed a redback
   853 | D        | Acquired Dithmenos's third power
   888 | D        | Noticed a trapdoor spider
   897 | D        | Killed a trapdoor spider
   897 | D        | Reached skill level 14 in Stealth
   926 | D        | Noticed a trapdoor spider
   931 | D        | Killed a trapdoor spider
  1005 | D        | Learned a level 4 spell: Condensation Shield
  1007 | D        | Noticed a killer bee
  1007 | D        | Noticed a killer bee
  1007 | D        | Noticed a killer bee
  1007 | D        | Noticed a killer bee
  1007 | D        | Noticed a killer bee
  1007 | D        | Noticed a killer bee
  1007 | D        | Noticed a killer bee
  1007 | D        | Noticed a killer bee
  1007 | D        | Noticed a killer bee
  1007 | D        | Noticed a killer bee
  1007 | D        | Noticed a killer bee
  1007 | D        | Noticed a killer bee
  1007 | D        | Noticed a killer bee
  1007 | D        | Noticed a killer bee
  1007 | D        | Noticed a killer bee
  1008 | D        | Noticed a killer bee
  1008 | D        | Noticed a killer bee
  1008 | D        | Noticed a killer bee
  1008 | D        | Noticed a killer bee
  1008 | D        | Noticed a killer bee
  1008 | D        | Noticed a killer bee
  1008 | D        | Noticed a killer bee
  1008 | D        | Noticed a killer bee
  1008 | D        | Noticed a killer bee
  1008 | D        | Noticed a killer bee
  1008 | D        | Noticed a killer bee
  1008 | D        | Noticed a killer bee
  1008 | D        | Noticed a killer bee
  1008 | D        | Noticed a killer bee
  1008 | D        | Noticed a killer bee
  1008 | D        | Noticed a killer bee
  1008 | D        | Noticed a killer bee
  1008 | D        | Noticed a queen bee
  1009 | D        | Killed a killer bee
  1013 | D        | Killed a killer bee
  1015 | D        | Killed a killer bee
  1017 | D        | Killed a killer bee
  1017 | D        | Reached skill level 5 in Ice Magic
  1019 | D        | Killed a killer bee
  1019 | D        | Acquired Dithmenos's fourth power
  1025 | D        | Killed a killer bee
  1167 | D        | Killed a killer bee
  1170 | D        | Killed a killer bee
  1172 | D        | Killed a killer bee
  1176 | D        | Killed a killer bee
  1179 | D        | Killed a killer bee
  1181 | D        | Killed a killer bee
  1186 | D        | Killed a killer bee
  1190 | D        | Killed a killer bee
  1358 | D        | Killed a killer bee
  1361 | D        | Killed a killer bee
  1363 | D        | Killed a killer bee
  1365 | D        | Killed a killer bee
  1367 | D        | Killed a killer bee
  1369 | D        | Killed a killer bee
  1371 | D        | Killed a killer bee
  1373 | D        | Killed a killer bee
  1527 | D        | Killed a killer bee
  1530 | D        | Killed a queen bee
  1530 | D        | Reached XP level 10. HP: 44/44 MP: 19/26
  1533 | D        | Killed a killer bee
  1535 | D        | Killed a killer bee
  1537 | D        | Killed a killer bee
  1537 | D        | Reached skill level 15 in Stealth
  1539 | D        | Killed a killer bee
  1541 | D        | Killed a killer bee
  1543 | D        | Killed a killer bee
  1547 | D        | Killed a killer bee
  1549 | D        | Killed a killer bee
  1552 | D        | Killed a killer bee
  1684 | D        | Learned a level 4 spell: Throw Icicle
  1745 | D        | Noticed a wandering mushroom
  1746 | D        | Noticed a wandering mushroom
  1746 | D        | Noticed a wandering mushroom
  1748 | D        | Killed a wandering mushroom
  1750 | D        | Killed a wandering mushroom
  1750 | D        | Reached skill level 5 in Conjurations
  1750 | D        | Reached skill level 5 in Poison Magic
  1751 | D        | Killed a wandering mushroom
  1900 | D        | Noticed a spiny frog
  1900 | D        | Noticed a komodo dragon
  1900 | D        | Noticed a spiny frog
  1905 | D        | Killed a komodo dragon
  1907 | D        | Killed a spiny frog
  1909 | D        | Killed a spiny frog
  1937 | D        | Noticed a redback
  1939 | D        | Killed a redback
  1940 | D        | Noticed a brain worm
  1947 | D        | Killed a brain worm
  1969 | D        | Noticed a brain worm
  1971 | D        | Killed a brain worm
  1976 | D        | Noticed a lindwurm
  1978 | D        | Noticed a redback
  1979 | D        | Killed a lindwurm
  1979 | D        | Reached skill level 16 in Stealth
  1981 | D        | Killed a redback
  1985 | D        | Noticed a redback
  1986 | D        | Killed a redback
  1987 | D        | Noticed Maud
  1988 | D        | Killed a yaktaur
  2018 | D        | Killed Maud
  2018 | D        | Reached skill level 10 in Hexes
  2018 | D        | Reached skill level 5 in Air Magic
  2018 | D        | Reached XP level 11. HP: 13/47 MP: 2/29
  2244 | D        | Noticed an electric eel
  2245 | D        | Noticed an eight-headed hydra
  2245 | D        | Noticed a six-headed hydra
  2248 | D        | Killed an electric eel
  2250 | D        | Killed an eight-headed hydra
  2250 | D        | Reached skill level 15 in Dodging
  2251 | D        | Killed a six-headed hydra
  2288 | D        | Noticed a death drake
  2291 | D        | Killed a death drake
  2291 | D        | Reached skill level 17 in Stealth
  2301 | D        | Found a blossoming altar of Fedhas.
  2301 | D        | Noticed a spriggan
  2301 | D        | Noticed a spriggan druid
  2301 | D        | Noticed a spriggan
  2303 | D        | Killed a spriggan druid
  2304 | D        | Killed a spriggan
  2305 | D        | Killed a spriggan
  2327 | D        | Noticed a snapping turtle
  2328 | D        | Noticed a snapping turtle
  2329 | D        | Noticed a kraken
  2330 | D        | Killed a snapping turtle
  2331 | D        | Noticed a snapping turtle
  2331 | D        | Noticed a snapping turtle
  2331 | D        | Noticed a snapping turtle
  2331 | D        | Noticed an alligator snapping turtle
  2331 | D        | Found Yneohade's Antique Weapon Emporium.
  2331 | D        | Found Zagginyl's Distillery.
  2331 | D        | Found Ufunn's Jewellery Boutique.
  2333 | D        | Killed a snapping turtle
  2350 | D        | Killed a snapping turtle
  2602 | D        | Killed a snapping turtle
  2633 | D        | Killed a kraken
  2633 | D        | Reached skill level 10 in Charms
  2633 | D        | Reached skill level 10 in Translocations
  2858 | D        | Killed a snapping turtle
  2891 | D        | Killed an alligator snapping turtle
  2897 | D        | Got a barnacled rune of Zot
  3128 | D        | Noticed a swamp drake
  3128 | D        | Noticed a fire drake
  3129 | D        | Killed a fire drake
  3129 | D        | Reached skill level 18 in Stealth
  3131 | D        | Killed a swamp drake
  3144 | D        | Noticed a blink frog
  3144 | D        | Noticed a blink frog
  3144 | D        | Noticed a blink frog
  3144 | D        | Noticed a blink frog
  3144 | D        | Noticed a blink frog
  3148 | D        | Killed a blink frog
  3149 | D        | Killed a blink frog
  3153 | D        | Killed a blink frog
  3155 | D        | Killed a blink frog
  3167 | D        | Killed a blink frog
  3415 | D        | Noticed Rupert
  3417 | D        | Killed Rupert
  3417 | D        | Reached XP level 12. HP: 51/51 MP: 26/31
  3444 | D        | Noticed a death yak
  3445 | D        | Noticed a death yak
  3445 | D        | Noticed a blink frog
  3446 | D        | Killed a death yak
  3447 | D        | Noticed an azure jelly
  3447 | D        | Noticed a death yak
  3447 | D        | Noticed an azure jelly
  3447 | D        | Noticed a blink frog
  3447 | D        | Noticed a death yak
  3448 | D        | Noticed a blink frog
  3698 | D        | Noticed a black mamba
  3706 | D        | Killed a death yak
  3706 | D        | Reached skill level 10 in Short Blades
  3707 | D        | Noticed a black mamba
  3709 | D        | Killed a black mamba
  3955 | D        | Killed a blink frog
  3959 | D        | Killed a death yak
  3959 | D        | Reached skill level 15 in Spellcasting
  3961 | D        | Killed a blink frog
  3961 | D        | Reached skill level 19 in Stealth
  3969 | D        | Killed a death yak
  4018 | D        | Noticed an azure jelly
  4018 | D        | Noticed an azure jelly
  4019 | D        | Killed a blink frog
  4021 | D        | Killed a black mamba
  4117 | D        | Found Arixaqab's Distillery.
  4117 | D        | Found Lenga's Antique Weapon Boutique.
  4117 | D        | Found Zeont's Gadget Emporium.
  4117 | D        | Noticed a fire dragon
  4120 | D        | Noticed a fire dragon
  4259 | D        | Killed from afar by a fire dragon

Vault maps used:
D:        dungeon_sprint_mu

Action                   |  1- 3 |  4- 6 |  7- 9 | 10-12 || total
-------------------------+-------+-------+-------+-------++-------
Melee: Dagger            |    13 |     7 |    75 |    86 ||   181
 Cast: Ensorcelled Hiber |     5 |     1 |    36 |    45 ||    87
       Dazzling Spray    |       |     4 |     3 |    26 ||    33
       Confuse           |       |       |     4 |     5 ||     9
       Ozocubu's Armour  |       |       |     1 |     1 ||     2
       Condensation Shie |       |       |     1 |     1 ||     2
       Tukima's Dance    |       |       |       |     4 ||     4
       Throw Icicle      |       |       |       |    12 ||    12
       Mephitic Cloud    |       |       |       |     1 ||     1
Invok: Shadow Step       |       |       |     2 |    10 ||    12
  Use: Scroll            |       |     4 |       |       ||     4
       Potion            |       |     2 |       |       ||     2
 Stab: Sleeping          |     4 |     6 |    33 |    40 ||    83
       Invisible         |       |     1 |       |     7 ||     8
       Confused          |       |       |     1 |     4 ||     5
       Distracted        |       |       |     1 |       ||     1
       Held in net/web   |       |       |     1 |       ||     1
  Eat: Bread ration      |       |       |       |     1 ||     1
